 Dungeon Crawl Stone Soup version 0.27-a0-1140-g099f9bb0e8 (webtiles) character file.

Game seed: 15294428507694462528

123 Armakuni the Firebug (level 5, -13/35 HPs)
             Began as a Human Fire Elementalist on May 9, 2021.
             Mangled by an ogre
             ... wielding a +0 giant club
              (30 damage)
             ... on level 3 of the Dungeon.
             The game lasted 00:06:24 (2766 turns).

Armakuni the Firebug (Human Fire Elementalist)      Turns: 2766, Time: 00:06:25

Health: -13/35     AC:  3    Str:  9    XL:     5   Next: 29%
Magic:  6/10       EV: 11    Int: 16    God:
Gold:   80         SH:  0    Dex: 13    Spells: 6/11 levels left

rFire    . . .     SeeInvis .   a - +2 spear (vorpal)
rCold    . . .     Faith    .   (no shield)
rNeg     . . .     Spirit   .   c - +0 leather armour
rPois    .         Reflect  .   (no helmet)
rElec    .         Harm     .   (no cloak)
rCorr    .         Rampage  .   (no gloves)
Will     .....                  (no boots)
Stlth    ++........             (no amulet)
HPRegen  0.11/turn              (no ring)
MPRegen  0.12/turn              (no ring)

@: no status effects
A: no striking features
a: no special abilities


You were on level 3 of the Dungeon.
You visited 1 branch of the dungeon, and saw 3 of its levels.

You collected 80 gold pieces.

Inventory:

Hand Weapons
 a - a +2 vorpal spear (weapon)
Missiles
 h - 3 boomerangs
 i - 16 poisoned darts
Armour
 c - a +0 leather armour (worn)
 f - a +0 robe
 g - a +0 ring mail
Magical Staves
 j - a staff of air
Scrolls
 d - a scroll of identify {unknown}
Potions
 b - a potion of attraction {unknown}
 e - a potion of cancellation {unknown}
 k - a potion of degeneration {unknown}
 l - a potion of haste {unknown}


   Skills:
 - Level 2.0 Dodging
 - Level 2.0 Stealth
 + Level 3.5 Spellcasting
 - Level 1.0 Conjurations
 + Level 4.4 Fire Magic


You had 6 spell levels left.
You knew the following spells:

 Your Spells              Type           Power      Damage    Failure   Level
a - Foxfire               Conj/Fire      44%        2x1d6     9%          1
s - Sticky Flame          Conj/Fire      11%        2d3       63%         4

Your spell library contained the following spells:

 Spells                   Type           Power      Damage    Failure   Level
 Conjure Flame            Conj/Fire      11%        6-21      24%         3
 Inner Flame              Hex/Fire       10%        N/A       30%         3
 Fireball                 Conj/Fire      5%         3d5       92%         5


Dungeon Overview and Level Annotations

Branches:
Dungeon (3/15)

Altars:
Xom


Message History

Press: ? - help, Q - select action, (/) - cycle Dir - look around, f - activate You conjure some foxfire!
The foxfire hits the ogre.
The ogre is moderately wounded.
The foxfire hits the ogre.
The ogre is heavily wounded.
Casting: Foxfire (safe; 9% risk of failure)
Press: ? - help, Q - select action, (/) - cycle Dir - look around, f - activate You conjure some foxfire!
Your foxfire dissipates!
The foxfire hits the ogre.
The ogre is heavily wounded.
Casting: Foxfire (safe; 9% risk of failure)
Press: ? - help, Q - select action, (/) - cycle Dir - look around, f - activate You conjure some foxfire!
The ogre hits you with a +0 giant club!!
Ouch! That really hurt!
Your foxfire dissipates!
The foxfire hits the ogre.
The ogre is heavily wounded.
Casting: Foxfire (safe; 9% risk of failure)
Press: ? - help, Q - select action, (/) - cycle Dir - look around, f - activate You conjure some foxfire!
The ogre closely misses you.
The foxfire hits the ogre.
The ogre is severely wounded.
The foxfire hits the ogre.
The ogre is severely wounded.
Casting: Foxfire (safe; 9% risk of failure)
Press: ? - help, Q - select action, (/) - cycle Dir - look around, f - activate You miscast Foxfire.
You are very lightly contaminated with residual magic.
Nothing appears to happen.
Your magical contamination has completely faded away.
Casting: Foxfire (safe; 9% risk of failure)
Press: ? - help, Q - select action, (/) - cycle Dir - look around, f - activate You conjure some foxfire!
The ogre hits you with a +0 giant club!!
Ouch! That really hurt!
You die...

....#####.# #.##....#..##
.....##.# #.##........# #.
...##.# #.##..##+##.#
#.#####.##.###.....# #.##
####.##...............# #... #
##.#.....##.##.#######.# #.##
#.#...#.#####.##.## ##+##.#.
..........†..#.O.# ........
#...........#.@.# ##..#.#.
##.#...######vv.# #..#.## #.....#
#...# #...... ###...# #...#
######.##.# .†..##
#...#####.......#.#
....#.#######......)..####.....
#........................####.#.#
.....#..........>...........#.#..
#......(........).........#....<.


You could see an ogre (ally target).

Vanquished Creatures
  A bullfrog skeleton (D:2)
  3 adders
  An orc (D:3)
  7 ball pythons
  6 bats
  6 endoplasms
  A giant cockroach (D:1)
  6 hobgoblins
  11 jackals
  A quokka (D:2)
  3 frilled lizards (D:1)
  5 goblins
  2 kobolds
  6 rats
59 creatures vanquished.

Vanquished Creatures (others)
  122 foxfires
122 creatures vanquished.

Grand Total: 181 creatures vanquished

Notes
Turn   | Place    | Note
-------+----------+-------------------------------------------
     0 | D:1      | Armakuni the Human Fire Elementalist began the quest for
                  | the Orb.
     0 | D:1      | Reached XP level 1. HP: 13/13 MP: 3/3
   194 | D:1      | Reached XP level 2. HP: 11/19 MP: 0/5
   752 | D:1      | Reached XP level 3. HP: 23/24 MP: 4/6
  1840 | D:2      | Reached XP level 4. HP: 30/30 MP: 5/8
  1868 | D:2      | Learned a level 4 spell: Sticky Flame
  2025 | D:2      | Reached skill level 4 in Fire Magic
  2068 | D:2      | Found a faded altar of an unknown god.
  2189 | D:2      | Reached XP level 5. HP: 35/35 MP: 7/10
  2327 | D:2      | Found a shimmering altar of Xom.
  2744 | D:3      | Noticed an ogre
  2766 | D:3      | Mangled by an ogre

Illustrated notes

Levels and vault maps discovered:
D:1:      amcnicky_arrival_blooded_trapdoor, layout_loops_ring
D:2:      layout_rooms, basic_ecumenical_altar, basic_altar, minmay_tetromino_s2
D:3:      layout_loops_cross, minmay_misc_feat_room

Skill      XL: |  1  2  3  4 |
---------------+-------------+-----
Spellcasting   | 3 |  3.5
Fire Magic     | 4 |  4.4
Dodging        | |  2.0
Stealth        | |  2.0
Conjurations   | |  1.0

Action                   |  1- 3 |  4- 6 || total
-------------------------+-------+-------++-------
Melee: Unarmed           |    34 |       ||    34
       Spear             |     3 |    26 ||    29
 Cast: Foxfire           |    52 |    24 ||    76
  Use: Scroll            |     1 |       ||     1
Armor: Robe              |     8 |       ||     8
       Leather armour    |       |     3 ||     3
Dodge: Dodged            |    47 |    13 ||    60

Table legend: (Time is in decaauts)
 A = Elapsed time spent in this place.
 B = Non-inter-level travel time spent in this place.
 C = Inter-level travel time spent in this place.
 D = Time resting spent in this place.
 E = Time spent auto-exploring this place.
 F = Levels seen in this place.
 G = Mean time per level.
                   A        B        C        D        E       F      G
               +--------+--------+--------+--------+--------+-----+--------+
         Total |   2767 |   2710 |     57 |    521 |   1661 |   3 |  922.3 |
       Dungeon |   2767 |   2710 |     57 |    521 |   1661 |   3 |  922.3 |
               +--------+--------+--------+--------+--------+-----+--------+

Top non-repeatable levels by time:
     D:1: 1805 daAuts
     D:2: 599 daAuts
     D:3: 362 daAuts
